 Dungeon Sprint DCSS version 0.30-a0-940-ge5077277c9 (webtiles) character file.

Game seed: 18015729119109373377

12602 Conn the Scorcher (level 11, -11/51 HPs)
             Began as an Octopode Fire Elementalist on Mar 26, 2023.
             Was the Champion of Sif Muna.
             Mangled by a 12-headed hydra (14 damage)
             ... while paralysed by a floating eye
             ... in the Dungeon (Sprint I: "Red Sonja").
             The game lasted 00:30:44 (2738 turns).

Conn the Scorcher (Octopode Fire Elementalist)      Turns: 2738, Time: 00:30:44

Health: -11/51     AC:  5    Str:  7    XL:     11   Next: 95%
Magic:  22/31      EV:  2    Int: 24    God:    Sif Muna [******]
Gold:   161        SH:  0    Dex: 10    Spells: 5/43 levels left

rFire   . . .      SeeInvis .    m - +1 spear of Jogeusoz {speed, rF+ rN+ Str-2 Int+3}
rCold   x . .      Faith    .    (no shield)
rNeg    + . .      Spirit   .    (helmet restricted)
rPois   .          Reflect  .    (no amulet)
rElec   .          Rampage  .    o - ring "Nulemecs" {Will+ AC+4}
rCorr   .          NoTele   +    (no ring)
Will    +....      Rage     3%   (no ring)
Stlth   +++                      (no ring)
HPRegen 0.28/turn                (no ring)
MPRegen 0.22/turn                (no ring)
                                 (no ring)
                                 (no ring)

@: paralysed, unable to drink
A: almost no armour, amphibious, 8 rings, camouflage 1, gelatinous body 1,
(nimble swimmer 1), tentacles, berserk 1, clumsy 1, deterioration 2, frail 2,
cold vulnerability 1, heat vulnerability 1, inability to drink after injury 1
a: Renounce Religion, Channel Magic, Forget Spell, Divine Exegesis


You were in the Dungeon.
You worshipped Sif Muna.
Sif Muna was exalted by your worship.
You visited 1 branch You collected 1319 gold pieces.
You spent 1158 gold pieces at shops.

Inventory:

Hand Weapons
 e - a +3 dagger of distortion
 m - the +1 spear of Jogeusoz (weapon) {speed, rF+ rN+ Str-2 Int+3}
   (You bought it in a shop in the Dungeon)

   Str:       It affects your strength (-2).
   Int:       It affects your intelligence (+3).
   rF:        It protects you from fire.
   rN:        It protects you from negative energy.
Missiles
 g - 3 curare-tipped darts (quivered)
Jewellery
 n - a ring of see invisible
 o - the ring "Nulemecs" (left tentacle) {Will+ AC+4}
   (You bought it in a shop in the Dungeon)

   [ring of protection]

   AC:        It affects your AC (+4).
   Will:      It increases your willpower.
Wands
 d - a wand of roots (11)
 k - a wand of charming (3)
Scrolls
 f - a scroll of blinking
 h - a scroll of enchant weapon {unknown}
 j - a scroll of identify {unknown}
 p - a scroll of butterflies
Potions
 a - 4 potions of magic
 b - 4 potions of curing
 c - a potion of heal wounds
Miscellaneous
 l - a phial of floods


   Skills:
 + Level 2.2 Fighting
 + Level 2.0 Throwing
 + Level 5.6 Dodging
 - Level 2.6 Stealth
 - Level 0.9 Unarmed Combat
 - Level 16.7 Spellcasting
 * Level 10.4 Conjurations
 + Level 4.2 Hexes
 * Level 6.8 Summonings
 + Level 0.8 Translocations
 + Level 17.0 Fire Magic
 + Level 1.5 Air Magic
 * Level 7.7 Invocations
 + Level 1.2 Evocations


You had 5 spell levels left.
You knew the following spells:

 Your Spells              Type           Power      Damage    Failure   Level
a - Foxfire               Conj/Fire      100%       2x1d9     0%          1
b - Fireball              Conj/Fire      36%        3d15      1%          5
c - Inner Flame           Hex/Fire       63%        N/A       1%          3
d - Flame Wave            Conj/Fire      72%        2d16      1%          4
e - Scorch                Fire           100%       2d10      0%          2
f - Iskenderun's Mystic   Conj/Tloc      47%        2d10      2%          4
g - Summon Lightning Spi  Summ/Air       40%        N/A       4%          4
h - Fulminant Prism       Conj/Hex       26%        3d14      1%          4
i - Summon Forest         Summ/Tloc      19%        N/A       16%         5
j - Summon Cactus Giant   Summ           26%        N/A       24%         6

Your spell library contained the following spells:

 Spells                   Type           Power      Damage    Failure   Level
 Summon Small Mammal      Summ           100%       N/A       1%          1
 Static Discharge         Conj/Air       96%        2-6/arc   1%          2
 Call Canine Familiar     Summ           52%        N/A       1%          3
 Kindle Blastsparks       Fire/Tloc/Air  100%       2d18      1%          3
 Summon Ice Beast         Ice/Summ       36%        N/A       6%          4
 Summon Mana Viper        Hex/Summ       46%        N/A       8%          5
 Spellforged Servitor     Conj/Summ      28%        N/A       54%         7
 Monstrous Menagerie      Summ           26%        N/A       80%         7
 Summon Horrible Things   Summ           26%        N/A       100%        8
 Chain Lightning          Conj/Air       24%        3d32      100%        9
 Fire Storm               Conj/Fire      36%        8d9       100%        9
 Shatter                  Erth           10%        3d11*     100%        9


Dungeon Overview and Level Annotations

Branches:
Dungeon (1/1)

Altars:
Cheibriados
Dithmenos
Elyvilon
Fedhas
Gozag
Hepliaklqana
Kikubaaqudgha
Makhleb
Nemelex Xobeh
Okawaru
Qazlal
Ru
Sif Muna
Trog
Uskayaw
Vehumet
Wu Jian
Xom
Yredelemnul
Zin
The Shining One
Jiyva
Lugonu

Shops:
D ?([([*=[(=?*(([(?*[[:


Innate Abilities, Weirdness & Mutations

You cannot wear most types of armour.
You are amphibious.
You can wear up to eight rings at the same time.
Your skin changes colour to match your surroundings (Stealth+).
Your rubbery body absorbs attacks. (AC +1, EV +1)
((You are camouflaged when in or above water. (Stealth+)))
You have tentacles for arms and can constrict up to eight enemies at once.
You sometimes lose your temper in combat.
You are clumsy. (Dex -2)
Your body often deteriorates upon taking damage.
You are very frail. (-20% HP)
You are vulnerable to cold. (rC-)
You are vulnerable to heat. (rF-)
You occasionally lose the ability to drink potions when taking damage.


Message History

You swap places.
The floating eye's stare focuses on you.
The 12-headed hydra is struck by your cactus giant's spines.
The 12-headed hydra bites your cactus giant.
The 12-headed hydra bites your cactus giant!
The 12-headed hydra bites your cactus giant.
The 12-headed hydra bites your cactus giant!
The 12-headed hydra bites your cactus giant.
The 12-headed hydra bites your cactus giant! x4
Your cactus giant is destroyed!
Your cactus giant disappears in a puff of smoke!
Casting: Summon Cactus Giant (extremely dangerous; 24% risk of failure)
Confirm with . or Enter, or press ? or * to list all spells.
You erupt in a blast of force!
The mystic blast hits the 12-headed hydra!
The 12-headed hydra is heavily wounded.
The 12-headed hydra is knocked back by the mystic blast.
The 12-headed hydra collides with the floating eye!
The floating eye is moderately wounded.
The 12-headed hydra is severely wounded.
The floating eye gazes piercingly through you!
You suddenly lose the ability to move!
The floating eye's view fixates on you. The 12-headed hydra bites you.
The 12-headed hydra completely misses you.
The 12-headed hydra bites you but does no damage. x2
The 12-headed hydra barely misses you.
The 12-headed hydra bites you but does no damage.
The 12-headed hydra bites you. x2; The 12-headed hydra bites you! x2
The 12-headed hydra bites you.
The 12-headed hydra bites you but does no damage.
The 12-headed hydra bites you!
You feel threatened and lose the ability to drink potions!
* * * LOW HITPOINT WARNING * * *
The 12-headed hydra bites you.
* * * LOW HITPOINT WARNING * * *
The 12-headed hydra bites you.
* * * LOW HITPOINT WARNING * * *
The 12-headed hydra bites you!
You die...

######################
.))#[.#.§§§†§.§§@DG.$#
...##§#§####.§§§§##$.+
...'..#§# ##.§§## ##
####..'.# ###+#
..##+#### ..# .§#
#'### #.'.#


You could see a 12-headed hydra and a floating eye (charged).

Vanquished Creatures
  2 centaur warriors (D)
  Sonja (D)
  A deep troll (D)
  A lindwurm (D)
  An oklob plant (D)
  8 shining eyes (D)
  4 demonic crawlers (D)
  2 unseen horrors (D)
  2 kobold demonologists (D)
  A hornet (D)
  A slime creature (D)
  Sigmund (D)
  A yak (D)
  13 hogs (D)
  2 redbacks (D)
  6 floating eyes (D)
  An ogre (D)
  7 necrophages (D)
  8 jellies (D)
  Ijyb (D)
64 creatures vanquished.

Vanquished Creatures (others)
  2 ballistomycete spores (D)
  107 foxfires (D)
  2 fulminant prisms (D)
111 creatures vanquished.

Grand Total: 175 creatures vanquished

Notes
Turn   | Place    | Note
-------+----------+-------------------------------------------
     0 | D        | Conn the Octopode Fire Elementalist began the quest for the
                  | Orb.
     0 | D        | Reached XP level 1. HP: 11/11 MP: 3/3
     3 | D        | Noticed Ijyb
    10 | D        | Killed Ijyb
    11 | D        | Reached skill level 5 in Fire Magic
    11 | D        | Reached XP level 2. HP: 17/17 MP: 1/6
    62 | D        | Learned a level 2 spell: Scorch
    68 | D        | Noticed an ogre
    83 | D        | Killed an ogre
    84 | D        | Reached skill level 7 in Fire Magic
    84 | D        | Reached XP level 3. HP: 21/21 MP: 0/9
    84 | D        | Reached XP level 4. HP: 27/27 MP: 0/10
    89 | D        | Learned a level 3 spell: Inner Flame
    94 | D        | Learned a level 4 spell: Flame Wave
   172 | D        | Noticed Sigmund
   176 | D        | Killed Sigmund
   177 | D        | Reached skill level 9 in Fire Magic
   177 | D        | Reached XP level 5. HP: 32/32 MP: 5/13
   177 | D        | Reached XP level 6. HP: 37/37 MP: 5/15
   257 | D        | Found an ornate altar of the Wu Jian Council.
   257 | D        | Found a shimmering blue altar of Sif Muna.
   259 | D        | Found a radiant altar of Vehumet.
   264 | D        | Reached skill level 10 in Fire Magic
   266 | D        | Became a worshipper of Sif Muna the Loreminder
   298 | D        | Found a burning altar of Makhleb.
   298 | D        | Found a viscous altar of Jiyva.
   298 | D        | Found a shimmering altar of Xom.
   298 | D        | Found a corrupted altar of Lugonu.
   298 | D        | Noticed a slime creature
   304 | D        | Killed a slime creature
   305 | D        | Reached skill level 5 in Conjurations
   305 | D        | Reached skill level 11 in Fire Magic
   305 | D        | Reached XP level 7. HP: 25/42 MP: 5/18
   382 | D        | Found Ezeqocud's Weapon Emporium.
   382 | D        | Found an ancient bone altar of Kikubaaqudgha.
   382 | D        | Found a hazy altar of Hepliaklqana.
   382 | D        | Found a stormy altar of Qazlal.
   382 | D        | Found a hide-covered altar of Uskayaw.
   382 | D        | Found a blossoming altar of Fedhas.
   382 | D        | Found a bloodstained altar of Trog.
   382 | D        | Found an iron altar of Okawaru.
   382 | D        | Found a basalt altar of Yredelemnul.
   382 | D        | Found a glowing golden altar of the Shining One.
   382 | D        | Found a snail-covered altar of Cheibriados.
   382 | D        | Found a sacrificial altar of Ru.
   382 | D        | Found a glowing silver altar of Zin.
   382 | D        | Found a shadowy altar of Dithmenos.
   382 | D        | Found a white marble altar of Elyvilon.
   382 | D        | Noticed a yak
   387 | D        | Killed a yak
   388 | D        | Reached skill level 1 in Fighting
   388 | D        | Found an opulent altar of Gozag.
   392 | D        | Found a sparkling altar of Nemelex Xobeh.
   509 | D        | Noticed Sonja
   513 | D        | Killed Sonja
   513 | D        | Reached * piety under Sif Muna
   514 | D        | Reached skill level 12 in Fire Magic
   514 | D        | Reached skill level 1 in Evocations
   514 | D        | Reached XP level 8. HP: 48/48 MP: 13/21
   573 | D        | Found Ipari's Magic Scroll Boutique.
   605 | D        | Noticed a deep troll
   615 | D        | Killed a deep troll
   616 | D        | Reached skill level 10 in Spellcasting
   616 | D        | Reached skill level 13 in Fire Magic
   616 | D        | Reached XP level 9. HP: 54/54 MP: 13/23
   629 | D        | Found Xaboppuh's Armour Emporium.
   691 | D        | Noticed a kobold demonologist
   694 | D        | Noticed a kobold demonologist
   695 | D        | Killed a kobold demonologist
   695 | D        | Killed a kobold demonologist
   695 | D        | Reached ** piety under Sif Muna
   696 | D        | Reached skill level 1 in Throwing
   696 | D        | Reached skill level 14 in Fire Magic
   696 | D        | Paralysed by a floating eye for 2 turns
   813 | D        | Noticed a centaur warrior
   815 | D        | Noticed a centaur warrior
   843 | D        | Killed a centaur warrior
   843 | D        | Killed a centaur warrior
   844 | D        | Reached XP level 10. HP: 31/60 MP: 10/27
   847 | D        | Reached *** piety under Sif Muna
   964 | D        | Noticed an oklob plant
  1209 | D        | Killed an oklob plant
  1210 | D        | Reached skill level 1 in Hexes
  1299 | D        | Reached skill level 15 in Fire Magic
  1327 | D        | Killed an unseen horror
  1327 | D        | Reached **** piety under Sif Muna
  1331 | D        | Killed an unseen horror
  1432 | D        | Reached ***** piety under Sif Muna
  1432 | D        | Received a gift from Sif Muna
  1433 | D        | Reached skill level 15 in Spellcasting
  1448 | D        | Reached skill level 1 in Invocations
  1452 | D        | Got Sif Muna's Quarto of Creative Bruises {god gift}
  1656 | D        | Received a gift from Sif Muna
  1685 | D        | Found Ciumi's Antique Armour Shoppe.
  1685 | D        | Found Onwoti's Jewellery Shop.
  1685 | D        | Found Enopsuah's Weapon Boutique.
  1687 | D        | Found Osut Has's Jewellery Emporium.
  1687 | D        | Found Daaweor's Magic Scroll Shop.
  1687 | D        | Found Yduatoc's General Store.
  1687 | D        | Found Jodikud's Antique Weapon Boutique.
  1687 | D        | Found Larel's Weapon Emporium.
  1687 | D        | Found Ebbaofif's Armour Shop.
  1687 | D        | Found Leott's Weapon Shoppe.
  1690 | D        | Found Saseosam's Magic Scroll Boutique.
  1691 | D        | Found Fiepp's Antique Armour Emporium.
  1691 | D        | Found Oqaisin's Assorted Antiques.
  1692 | D        | Found Deuf's Book Emporium.
  1702 | D        | Bought an iridescent spear for 192 gold pieces
  1702 | D        | Identified the +1 spear of Jogeusoz {speed, rF+ rN+ Str-2
                  | Int+3} (You bought it in a shop in the Dungeon)
  1702 | D        | Bought a glass ring for 120 gold pieces
  1722 | D        | Bought the ring "Nulemecs" {Will+ AC+4} for 631 gold pieces
  1728 | D        | Gained mutation: You occasionally lose the ability to drink
                  | potions when taking damage. [mutagenic glow]
  1753 | D        | Bought a scroll of butterflies for 56 gold pieces
  1753 | D        | Bought a scroll of blinking for 105 gold pieces
  1820 | D        | Learned a level 5 spell: Fireball
  1825 | D        | Learned a level 4 spell: Iskenderun's Mystic Blast
  1830 | D        | Learned a level 4 spell: Summon Lightning Spire
  1835 | D        | Learned a level 4 spell: Fulminant Prism
  1862 | D        | Noticed a shining eye
  1862 | D        | Noticed a shining eye
  1862 | D        | Noticed a shining eye
  1863 | D        | Gained mutation: You are vulnerable to cold. (rC-) [a
                  | shining eye]
  1870 | D        | Paralysed by a floating eye for 4 turns
  1872 | D        | Gained mutation: Your body sometimes deteriorates upon
                  | taking damage. [a shining eye]
  1877 | D        | Killed a shining eye
  1877 | D        | Gained mutation: You are frail. (-10% HP) [a shining eye]
  1878 | D        | Reached skill level 1 in Summonings
  1879 | D        | Killed a shining eye
  1879 | D        | Killed a shining eye
  1880 | D        | Reached XP level 11. HP: 49/57 MP: 4/30
  1881 | D        | Noticed a shining eye
  1882 | D        | Noticed a shining eye
  1883 | D        | Killed a shining eye
  1883 | D        | Received a gift from Sif Muna
  1883 | D        | Killed a shining eye
  1884 | D        | Reached skill level 16 in Fire Magic
  1884 | D        | Got Micwyon's Papyrus of the Escort {god gift}
  1889 | D        | Noticed a shining eye
  2028 | D        | Noticed a shining eye
  2030 | D        | Gained mutation: You sometimes lose your temper in combat.
                  | [a shining eye]
  2034 | D        | Killed a shining eye
  2035 | D        | Reached skill level 5 in Dodging
  2035 | D        | Reached skill level 5 in Invocations
  2035 | D        | Gained mutation: Your body often deteriorates upon taking
                  | damage. [a shining eye]
  2036 | D        | Gained mutation: You are clumsy. (Dex -2) [a shining eye]
  2040 | D        | Gained mutation: You are very frail. (-20% HP) [a shining
                  | eye]
  2041 | D        | Killed a shining eye
  2082 | D        | Noticed a shining eye
  2086 | D        | Gained mutation: You are vulnerable to heat. (rF-) [a
                  | shining eye]
  2089 | D        | Killed a shining eye
  2187 | D        | Found Luros's Antique Weapon Shoppe.
  2187 | D        | Found Enneubah's Armour Shop.
  2187 | D        | Found Niegueto's Armour Emporium.
  2187 | D        | Found Jaed's Assorted Antiques.
  2201 | D        | Bought a fuming yellow potion for 27 gold pieces
  2201 | D        | Bought a viscous silvery potion for 27 gold pieces
  2436 | D        | Reached skill level 5 in Summonings
  2443 | D        | Reached skill level 1 in Air Magic
  2586 | D        | Noticed a lindwurm
  2589 | D        | Killed a lindwurm
  2589 | D        | Received a gift from Sif Muna
  2589 | D        | Reached ****** piety under Sif Muna
  2590 | D        | Got Sif Muna's Grimoire of Supportive Force {god gift}
  2602 | D        | Learned a level 5 spell: Summon Forest
  2624 | D        | Reached skill level 10 in Conjurations
  2626 | D        | Received a gift from Sif Muna
  2633 | D        | Reached skill level 17 in Fire Magic
  2649 | D        | Learned a level 6 spell: Summon Cactus Giant
  2734 | D        | Noticed a 12-headed hydra
  2736 | D        | Paralysed by a floating eye for 4 turns
  2738 | D        | Mangled by a 12-headed hydra

Illustrated notes

Levels and vault maps discovered:
D:        dungeon_sprint_1 [red_sonja_temple_1, red_sonja_temple_small_1]

Skill      XL: |  1  2  3  4  5  6  7  8  9 10 11 |
---------------+----------------------------------+-----
Spellcasting   | 3 4 6 7 9 10 13 15 16 | 16.7
Conjurations   | 2 3 4 5 6 8 9 10 | 10.4
Fire Magic     | 5 7 9 11 12 13 14 15 17 | 17.0
Dodging        | 3 4 5 |  5.6
Fighting       | 1 2 |  2.2
Evocations     | 1 |  1.2
Throwing       | 1 2 |  2.0
Hexes          | 1 4 |  4.2
Invocations    | 3 7 |  7.7
Summonings     | 2 6 |  6.8
Air Magic      | 1 |  1.5
Stealth        | |  2.6
Unarmed Combat | |  0.9
Translocations | |  0.8

Action                     |  1- 3 |  4- 6 |  7- 9 | 10-12 || total
---------------------------+-------+-------+-------+-------++-------
  Melee: Unarmed           |     5 |       |       |       ||     5
         Constrict         |     1 |       |       |       ||     1
         Tentacles         |     1 |       |       |       ||     1
         Dagger            |       |       |       |     2 ||     2
  Throw: Dart              |       |       |     4 |       ||     4
   Cast: Foxfire           |     5 |     1 |    21 |    43 ||    70
         Scorch            |     1 |     6 |    12 |    54 ||    73
         Flame Wave        |       |     1 |     2 |     8 ||    11
         Inner Flame       |       |       |     2 |    13 ||    15
         Summon Lightning  |       |       |       |     3 ||     3
         Iskenderun's Myst |       |       |       |     3 ||     3
         Fulminant Prism   |       |       |       |     2 ||     2
         Fireball          |       |       |       |     1 ||     1
         Summon Cactus Gia |       |       |       |     1 ||     1
 Invoke: Channel Magic     |       |       |       |     1 ||     1
  Evoke: Wand              |     1 |       |     1 |     1 ||     3
    Use: Potion            |     2 |       |       |     3 ||     5
         Scroll            |       |       |       |     1 ||     1
 Armour: Skin              |       |       |       |     7 ||     7
  Dodge: Dodged            |       |     2 |     2 |    16 ||    20

Table legend: (Time is in decaauts)
 A = Elapsed time spent in this place.
 B = Non-inter-level travel time spent in this place.
 C = Inter-level travel time spent in this place.
 D = Time resting spent in this place.
 E = Time spent auto-exploring this place.
 F = Levels seen in this place.
 G = Mean time per level.
                   A        B        C        D        E       F      G
               +--------+--------+--------+--------+--------+-----+--------+
         Total |   2714 |   2714 |      0 |   1488 |    136 |   1 | 2714.0 |
       Dungeon |   2714 |   2714 |      0 |   1488 |    136 |   1 | 2714.0 |
               +--------+--------+--------+--------+--------+-----+--------+

Top non-repeatable levels by time:
       D: 2714 daAuts
